 Dungeon Crawl Stone Soup version 0.30-a0-629-gd54f4be4f7 (webtiles) character file.

Game seed: 8572952597383157415

45 voltaire321 the Digger (level 3, -1/20 HPs)
             Began as a Deep Elf Earth Elementalist on Jan 12, 2023.
             Slain by Robin
             ... wielding a +0 mace
              (6 damage)
             ... on level 2 of the Dungeon.
             The game lasted 00:04:06 (740 turns).

voltaire321 the Digger (Deep Elf Earth Elementalist) Turns: 740, Time: 00:04:06

Health: -1/20      AC:  2    Str:  7    XL:     3   Next: 42%
Magic:  10/10      EV: 13    Int: 19    God:
Gold:   81         SH:  0    Dex: 15    Spells: 6/9 levels left

rFire   . . .      SeeInvis .    c - +0 dagger
rCold   . . .      Faith    .    (no shield)
rNeg    . . .      Spirit   .    a - +0 robe
rPois   .          Reflect  .    (no helmet)
rElec   .          Harm     .    (no cloak)
rCorr   .          Rampage  .    (no gloves)
Will    .....                    (no boots)
Stlth   ++                       (no amulet)
HPRegen 0.23/turn                (no ring)
MPRegen 0.12/turn                (no ring)

@: no status effects
A: no striking features
a: no special abilities


You were on level 2 of the Dungeon.
You visited 1 branch of the dungeon, and saw 2 of its levels.

You collected 81 gold pieces.

Inventory:

Hand Weapons
 c - a +0 dagger (weapon)
Armour
 a - a +0 robe (worn)
Scrolls
 d - a scroll of teleportation {unknown}


   Skills:
 + Level 0.9 Fighting
 + Level 2.9 Dodging
 + Level 3.0 Stealth
 + Level 3.5 Spellcasting
 + Level 1.6 Transmutations
 + Level 3.6 Earth Magic


You had 6 spell levels left.
You knew the following spells:

 Your Spells              Type           Power      Damage    Failure   Level
a - Sandblast             Erth           34%        2d9       3%          1
b - Passwall              Tmut/Erth      10%        N/A       8%          2

Your spell library contained the following spells:

 Spells                   Type           Power      Damage    Failure   Level
 Stone Arrow              Conj/Erth      20%        3d8       21%         3
 Petrify                  Tmut/Erth      13%        N/A       43%         4


Dungeon Overview and Level Annotations

Branches:
Dungeon (2/15)

Altars:

Annotations:
D:2 Robin


Message History

Aiming: Sandblast (safe; 3% risk of failure)
Press: ? - help, Shift-Dir - straight line, f/p - hobgoblin
Aim: a hobgoblin (heavily wounded, strong, 82% to hit)
The blast of sand hits the hobgoblin.
You kill the hobgoblin!
The goblin no longer looks unusually strong.
The goblin unwields a +2 vampiric dagger.
The goblin wields a +0 sling.
The goblin shoots a sling bullet.
The sling bullet closely misses you. Robin throws the goblin at you!
Casting: Sandblast (safe; 3% risk of failure)
Confirm with . or Enter, or press ? or * to list all spells.
Aiming: Sandblast (safe; 3% risk of failure)
Press: ? - help, Shift-Dir - straight line, f - goblin
Aim: a goblin, wielding a +0 sling (77% to hit)
The blast of sand hits the goblin!
You kill the goblin!
Robin misses you.
You hit Robin but do no damage. Robin barely misses you.
You hit Robin but do no damage. Robin barely misses you.
You hit Robin but do no damage. Robin hits you with a +0 mace.
Casting: Sandblast (safe; 3% risk of failure)
Confirm with . or Enter, or press ? or * to list all spells.
Aiming: Sandblast (safe; 3% risk of failure)
Press: ? - help, Shift-Dir - straight line, f - Robin
Aim: Robin, wielding a +0 mace, wearing a +0 animal skin and wearing a +0 helmet (87% to hit)
The blast of sand hits Robin.
Robin is moderately wounded.
Robin closely misses you.
Casting: Sandblast (safe; 3% risk of failure)
Confirm with . or Enter, or press ? or * to list all spells.
Aiming: Sandblast (safe; 3% risk of failure)
Press: ? - help, Shift-Dir - straight line, f/p - Robin
Aim: Robin, wielding a +0 mace, wearing a +0 animal skin and wearing a +0 helmet (moderately wounded, 87% to hit)
The blast of sand hits Robin!
Robin is severely wounded.
Robin hits you with a +0 mace. x2
* * * LOW HITPOINT WARNING * * *
Unknown command.
Magic courses through your body. Robin hits you with a +0 mace.
You die...

.. . ...#######
..# # #........#
#..# #∩_.g....###
#..# #...ggg.g..#
#..#
g?r#######g####..#
#............#####
###g##............
#@#####....#######
#)# ##....####.#
#.# #..........
#.# #....####..
#.# #...##.....
... ......###.##..
#.# ####..# #.##.#
..# #...# #.##.#
#...# #.#...


You could see Robin.

Vanquished Creatures
  A gnoll (D:1)
  A worm (D:2)
  4 endoplasms
  A giant cockroach (D:2)
  7 goblins
  4 hobgoblins
  7 jackals
  A quokka (D:1)
  A rat (D:2)
27 creatures vanquished.

Notes
Turn   | Place    | Note
-------+----------+-------------------------------------------
     0 | D:1      | voltaire321 the Deep Elf Earth Elementalist began the quest
                  | for the Orb.
     0 | D:1      | Reached XP level 1. HP: 10/10 MP: 6/6
   226 | D:1      | Reached XP level 2. HP: 16/16 MP: 6/8
   354 | D:1      | You fall into a shaft and drop 1 floor!
   397 | D:2      | Reached XP level 3. HP: 15/20 MP: 0/9
   539 | D:2      | Learned a level 2 spell: Passwall
   713 | D:2      | Found a faded altar of an unknown god.
   715 | D:2      | Noticed Robin
   740 | D:2      | Slain by Robin

Illustrated notes

Levels and vault maps discovered:
D:1:      dpeg_arrival_more_subterranean_lakeside_camping, layout_basic
D:2:      layout_loops_ring, hellmonk_ecumenical_altar_crossroads, uniq_jessica,
          uniq_robin

Skill      XL: |  1  2  3 |
---------------+----------+-----
Stealth        | 3 |  3.0
Fighting       | |  0.9
Dodging        | |  2.9
Spellcasting   | |  3.5
Transmutations | |  1.6
Earth Magic    | |  3.6

Action                   || total
-------------------------++-------
Melee: Dagger            ||     8
 Cast: Sandblast         ||    47
  Use: Potion            ||     1
Armor: Robe              ||     3
Dodge: Dodged            ||    32

Table legend: (Time is in decaauts)
 A = Elapsed time spent in this place.
 B = Non-inter-level travel time spent in this place.
 C = Inter-level travel time spent in this place.
 D = Time resting spent in this place.
 E = Time spent auto-exploring this place.
 F = Levels seen in this place.
 G = Mean time per level.
                   A        B        C        D        E       F      G
               +--------+--------+--------+--------+--------+-----+--------+
         Total |    762 |    762 |      0 |     55 |    491 |   2 |  381.0 |
       Dungeon |    762 |    762 |      0 |     55 |    491 |   2 |  381.0 |
               +--------+--------+--------+--------+--------+-----+--------+

Top non-repeatable levels by time:
     D:2: 401 daAuts
     D:1: 361 daAuts
